Workbook

Sheet Paramètres
A1: Modèle Compte de Résultat Restaurant
A2: Saisie = jaune ✔ | Calcul = vert ✔
A4: Année | B4: 2025 | D4: Listes (menus déroulants)
A5: Taux TVA | B5: 0.2
A6: Taux d'impôt (estimation) | B6: 0.25 | D6: Services | E6: Achats (catégories) | F6: Charges (catégories)
A7: Devise | B7: € | D7: Midi | E7: Food | F7: Salaires
D8: Soir | E8: Boissons | F8: Charges sociales
E9: Packaging | F9: Loyer
E10: Autres achats directs | F10: Énergie
F11: Marketing
F12: Entretien/Hygiène
F13: Assurances
F14: Logiciels/Abonnements
F15: Commissions plateformes
F16: Autres charges

Sheet Saisie_Ventes
A1: Date (calculée) [cachée] | B1: Date (saisie) dd/mm/yyyy | C1: Mois | D1: Service | E1: Couverts | F1: Ventes Nourriture (HT) | G1: Ventes Boissons (HT) | H1: Livraison/Emporter (HT) | I1: Autres produits (HT) | J1: Remises (HT) | K1: Total CA net (HT) | L1: TVA collectée | M1: Total TTC | N1: Ticket moyen (HT) | P1: Légende
A2: =IF(B2="","",DATE(VALUE(RIGHT(B2,4)),VALUE(MID(B2,4,2)),VALUE(LEFT(B2,2)))) -> 45658 | B2: 01/01/2025 | C2: =IF(A2="","",MONTH(A2)) -> 1 | D2: Midi | E2: 65 | F2: 707.89 | G2: 387.8 | H2: 36.28 | I2: 72.22 | J2: 0 | K2: =IF(A2="","",SUM(F2:I2)-J2) -> 1204.19 | L2: =IF(K2="","",K2*Paramètres!$B$5) -> 240.838 | M2: =IF(K2="","",K2+L2) -> 1445.028 | N2: =IF(OR(K2="",E2=0),"",K2/E2) -> 18.526 | P2: ✔ | Q2: Saisie (cellules jaunes)
A3: =IF(B3="","",DATE(VALUE(RIGHT(B3,4)),VALUE(MID(B3,4,2)),VALUE(LEFT(B3,2)))) -> 45658 | B3: 01/01/2025 | C3: =IF(A3="","",MONTH(A3)) -> 1 | D3: Soir | E3: 72 | F3: 963.03 | G3: 224.58 | H3: 145.54 | I3: 21.47 | J3: 0 | K3: =IF(A3="","",SUM(F3:I3)-J3) -> 1354.62 | L3: =IF(K3="","",K3*Paramètres!$B$5) -> 270.924 | M3: =IF(K3="","",K3+L3) -> 1625.544 | N3: =IF(OR(K3="",E3=0),"",K3/E3) -> 18.814167 | P3: ✔ | Q3: Calcul (cellules vertes)
A4: =IF(B4="","",DATE(VALUE(RIGHT(B4,4)),VALUE(MID(B4,4,2)),VALUE(LEFT(B4,2)))) -> 45659 | B4: 02/01/2025 | C4: =IF(A4="","",MONTH(A4)) -> 1 | D4: Midi | E4: 59 | F4: 788.01 | G4: 283.01 | H4: 205.15 | I4: 0 | J4: 19.95 | K4: =IF(A4="","",SUM(F4:I4)-J4) -> 1256.22 | L4: =IF(K4="","",K4*Paramètres!$B$5) -> 251.244 | M4: =IF(K4="","",K4+L4) -> 1507.464 | N4: =IF(OR(K4="",E4=0),"",K4/E4) -> 21.291864
A5: =IF(B5="","",DATE(VALUE(RIGHT(B5,4)),VALUE(MID(B5,4,2)),VALUE(LEFT(B5,2)))) -> 45659 | B5: 02/01/2025 | C5: =IF(A5="","",MONTH(A5)) -> 1 | D5: Soir | E5: 52 | F5: 584.68 | G5: 355.1 | H5: 0 | I5: 7.54 | J5: 0 | K5: =IF(A5="","",SUM(F5:I5)-J5) -> 947.32 | L5: =IF(K5="","",K5*Paramètres!$B$5) -> 189.464 | M5: =IF(K5="","",K5+L5) -> 1136.784 | N5: =IF(OR(K5="",E5=0),"",K5/E5) -> 18.217692
A6: =IF(B6="","",DATE(VALUE(RIGHT(B6,4)),VALUE(MID(B6,4,2)),VALUE(LEFT(B6,2)))) -> 45660 | B6: 03/01/2025 | C6: =IF(A6="","",MONTH(A6)) -> 1 | D6: Midi | E6: 63 | F6: 763.32 | G6: 199.95 | H6: 0 | I6: 87.16 | J6: 14.78 | K6: =IF(A6="","",SUM(F6:I6)-J6) -> 1035.65 | L6: =IF(K6="","",K6*Paramètres!$B$5) -> 207.13 | M6: =IF(K6="","",K6+L6) -> 1242.78 | N6: =IF(OR(K6="",E6=0),"",K6/E6) -> 16.438889
A7: =IF(B7="","",DATE(VALUE(RIGHT(B7,4)),VALUE(MID(B7,4,2)),VALUE(LEFT(B7,2)))) -> 45660 | B7: 03/01/2025 | C7: =IF(A7="","",MONTH(A7)) -> 1 | D7: Soir | E7: 75 | F7: 1121.11 | G7: 483.51 | H7: 0 | I7: 0 | J7: 13.67 | K7: =IF(A7="","",SUM(F7:I7)-J7) -> 1590.95 | L7: =IF(K7="","",K7*Paramètres!$B$5) -> 318.19 | M7: =IF(K7="","",K7+L7) -> 1909.14 | N7: =IF(OR(K7="",E7=0),"",K7/E7) -> 21.212667
A8: =IF(B8="","",DATE(VALUE(RIGHT(B8,4)),VALUE(MID(B8,4,2)),VALUE(LEFT(B8,2)))) -> 45661 | B8: 04/01/2025 | C8: =IF(A8="","",MONTH(A8)) -> 1 | D8: Midi | E8: 43 | F8: 768.92 | G8: 276.11 | H8: 0 | I8: 0 | J8: 0 | K8: =IF(A8="","",SUM(F8:I8)-J8) -> 1045.03 | L8: =IF(K8="","",K8*Paramètres!$B$5) -> 209.006 | M8: =IF(K8="","",K8+L8) -> 1254.036 | N8: =IF(OR(K8="",E8=0),"",K8/E8) -> 24.303023
A9: =IF(B9="","",DATE(VALUE(RIGHT(B9,4)),VALUE(MID(B9,4,2)),VALUE(LEFT(B9,2)))) -> 45661 | B9: 04/01/2025 | C9: =IF(A9="","",MONTH(A9)) -> 1 | D9: Soir | E9: 88 | F9: 1136.84 | G9: 394.3 | H9: 93.98 | I9: 0 | J9: 0 | K9: =IF(A9="","",SUM(F9:I9)-J9) -> 1625.12 | L9: =IF(K9="","",K9*Paramètres!$B$5) -> 325.024 | M9: =IF(K9="","",K9+L9) -> 1950.144 | N9: =IF(OR(K9="",E9=0),"",K9/E9) -> 18.467273
A10: =IF(B10="","",DATE(VALUE(RIGHT(B10,4)),VALUE(MID(B10,4,2)),VALUE(LEFT(B10,2)))) -> 45662 | B10: 05/01/2025 | C10: =IF(A10="","",MONTH(A10)) -> 1 | D10: Midi | E10: 63 | F10: 950.03 | G10: 323.6 | H10: 116.49 | I10: 0 | J10: 0 | K10: =IF(A10="","",SUM(F10:I10)-J10) -> 1390.12 | L10: =IF(K10="","",K10*Paramètres!$B$5) -> 278.024 | M10: =IF(K10="","",K10+L10) -> 1668.144 | N10: =IF(OR(K10="",E10=0),"",K10/E10) -> 22.065397
A11: =IF(B11="","",DATE(VALUE(RIGHT(B11,4)),VALUE(MID(B11,4,2)),VALUE(LEFT(B11,2)))) -> 45662 | B11: 05/01/2025 | C11: =IF(A11="","",MONTH(A11)) -> 1 | D11: Soir | E11: 79 | F11: 1141.99 | G11: 453.34 | H11: 0 | I11: 0 | J11: 2.03 | K11: =IF(A11="","",SUM(F11:I11)-J11) -> 1593.3 | L11: =IF(K11="","",K11*Paramètres!$B$5) -> 318.66 | M11: =IF(K11="","",K11+L11) -> 1911.96 | N11: =IF(OR(K11="",E11=0),"",K11/E11) -> 20.168354
A12: =IF(B12="","",DATE(VALUE(RIGHT(B12,4)),VALUE(MID(B12,4,2)),VALUE(LEFT(B12,2)))) -> 45663 | B12: 06/01/2025 | C12: =IF(A12="","",MONTH(A12)) -> 1 | D12: Midi | E12: 45 | F12: 594.42 | G12: 146.91 | H12: 0 | I12: 0 | J12: 0 | K12: =IF(A12="","",SUM(F12:I12)-J12) -> 741.33 | L12: =IF(K12="","",K12*Paramètres!$B$5) -> 148.266 | M12: =IF(K12="","",K12+L12) -> 889.596 | N12: =IF(OR(K12="",E12=0),"",K12/E12) -> 16.474
A13: =IF(B13="","",DATE(VALUE(RIGHT(B13,4)),VALUE(MID(B13,4,2)),VALUE(LEFT(B13,2)))) -> 45663 | B13: 06/01/2025 | C13: =IF(A13="","",MONTH(A13)) -> 1 | D13: Soir | E13: 48 | F13: 731.69 | G13: 219.96 | H13: 0 | I13: 0 | J13: 0 | K13: =IF(A13="","",SUM(F13:I13)-J13) -> 951.65 | L13: =IF(K13="","",K13*Paramètres!$B$5) -> 190.33 | M13: =IF(K13="","",K13+L13) -> 1141.98 | N13: =IF(OR(K13="",E13=0),"",K13/E13) -> 19.826042
A14: =IF(B14="","",DATE(VALUE(RIGHT(B14,4)),VALUE(MID(B14,4,2)),VALUE(LEFT(B14,2)))) -> 45664 | B14: 07/01/2025 | C14: =IF(A14="","",MONTH(A14)) -> 1 | D14: Midi | E14: 40 | F14: 638.4 | G14: 206.24 | H14: 0 | I14: 0 | J14: 0 | K14: =IF(A14="","",SUM(F14:I14)-J14) -> 844.64 | L14: =IF(K14="","",K14*Paramètres!$B$5) -> 168.928 | M14: =IF(K14="","",K14+L14) -> 1013.568 | N14: =IF(OR(K14="",E14=0),"",K14/E14) -> 21.116
A15: =IF(B15="","",DATE(VALUE(RIGHT(B15,4)),VALUE(MID(B15,4,2)),VALUE(LEFT(B15,2)))) -> 45664 | B15: 07/01/2025 | C15: =IF(A15="","",MONTH(A15)) -> 1 | D15: Soir | E15: 58 | F15: 681.76 | G15: 405.43 | H15: 0 | I15: 4.1 | J15: 29.11 | K15: =IF(A15="","",SUM(F15:I15)-J15) -> 1062.18 | L15: =IF(K15="","",K15*Paramètres!$B$5) -> 212.436 | M15: =IF(K15="","",K15+L15) -> 1274.616 | N15: =IF(OR(K15="",E15=0),"",K15/E15) -> 18.313448
... A361: =IF(B361="","",DATE(VALUE(RIGHT(B361,4)),VALUE(MID(B361,4,2)),VALUE(LEFT(B361,2)))) -> 46006 | B361: 15/12/2025 | C361: =IF(A361="","",MONTH(A361)) -> 12 | D361: Soir | E361: 35 | F361: 431.72 | G361: 159.29 | H361: 126.16 | I361: 0 | J361: 0 | K361: =IF(A361="","",SUM(F361:I361)-J361) -> 717.17 | L361: =IF(K361="","",K361*Paramètres!$B$5) -> 143.434 | M361: =IF(K361="","",K361+L361) -> 860.604 | N361: =IF(OR(K361="",E361=0),"",K361/E361) -> 20.490571
A362: =IF(B362="","",DATE(VALUE(RIGHT(B362,4)),VALUE(MID(B362,4,2)),VALUE(LEFT(B362,2)))) | C362: =IF(A362="","",MONTH(A362)) | K362: =IF(A362="","",SUM(F362:I362)-J362) | L362: =IF(K362="","",K362*Paramètres!$B$5) | M362: =IF(K362="","",K362+L362) | N362: =IF(OR(K362="",E362=0),"",K362/E362)
A363: =IF(B363="","",DATE(VALUE(RIGHT(B363,4)),VALUE(MID(B363,4,2)),VALUE(LEFT(B363,2)))) | C363: =IF(A363="","",MONTH(A363)) | K363: =IF(A363="","",SUM(F363:I363)-J363) | L363: =IF(K363="","",K363*Paramètres!$B$5) | M363: =IF(K363="","",K363+L363) | N363: =IF(OR(K363="",E363=0),"",K363/E363)
A364: =IF(B364="","",DATE(VALUE(RIGHT(B364,4)),VALUE(MID(B364,4,2)),VALUE(LEFT(B364,2)))) | C364: =IF(A364="","",MONTH(A364)) | K364: =IF(A364="","",SUM(F364:I364)-J364) | L364: =IF(K364="","",K364*Paramètres!$B$5) | M364: =IF(K364="","",K364+L364) | N364: =IF(OR(K364="",E364=0),"",K364/E364)
A365: =IF(B365="","",DATE(VALUE(RIGHT(B365,4)),VALUE(MID(B365,4,2)),VALUE(LEFT(B365,2)))) | C365: =IF(A365="","",MONTH(A365)) | K365: =IF(A365="","",SUM(F365:I365)-J365) | L365: =IF(K365="","",K365*Paramètres!$B$5) | M365: =IF(K365="","",K365+L365) | N365: =IF(OR(K365="",E365=0),"",K365/E365)
A366: =IF(B366="","",DATE(VALUE(RIGHT(B366,4)),VALUE(MID(B366,4,2)),VALUE(LEFT(B366,2)))) | C366: =IF(A366="","",MONTH(A366)) | K366: =IF(A366="","",SUM(F366:I366)-J366) | L366: =IF(K366="","",K366*Paramètres!$B$5) | M366: =IF(K366="","",K366+L366) | N366: =IF(OR(K366="",E366=0),"",K366/E366)
A367: =IF(B367="","",DATE(VALUE(RIGHT(B367,4)),VALUE(MID(B367,4,2)),VALUE(LEFT(B367,2)))) | C367: =IF(A367="","",MONTH(A367)) | K367: =IF(A367="","",SUM(F367:I367)-J367) | L367: =IF(K367="","",K367*Paramètres!$B$5) | M367: =IF(K367="","",K367+L367) | N367: =IF(OR(K367="",E367=0),"",K367/E367)
A368: =IF(B368="","",DATE(VALUE(RIGHT(B368,4)),VALUE(MID(B368,4,2)),VALUE(LEFT(B368,2)))) | C368: =IF(A368="","",MONTH(A368)) | K368: =IF(A368="","",SUM(F368:I368)-J368) | L368: =IF(K368="","",K368*Paramètres!$B$5) | M368: =IF(K368="","",K368+L368) | N368: =IF(OR(K368="",E368=0),"",K368/E368)
A369: =IF(B369="","",DATE(VALUE(RIGHT(B369,4)),VALUE(MID(B369,4,2)),VALUE(LEFT(B369,2)))) | C369: =IF(A369="","",MONTH(A369)) | K369: =IF(A369="","",SUM(F369:I369)-J369) | L369: =IF(K369="","",K369*Paramètres!$B$5) | M369: =IF(K369="","",K369+L369) | N369: =IF(OR(K369="",E369=0),"",K369/E369)
A370: =IF(B370="","",DATE(VALUE(RIGHT(B370,4)),VALUE(MID(B370,4,2)),VALUE(LEFT(B370,2)))) | C370: =IF(A370="","",MONTH(A370)) | K370: =IF(A370="","",SUM(F370:I370)-J370) | L370: =IF(K370="","",K370*Paramètres!$B$5) | M370: =IF(K370="","",K370+L370) | N370: =IF(OR(K370="",E370=0),"",K370/E370)
A371: =IF(B371="","",DATE(VALUE(RIGHT(B371,4)),VALUE(MID(B371,4,2)),VALUE(LEFT(B371,2)))) | C371: =IF(A371="","",MONTH(A371)) | K371: =IF(A371="","",SUM(F371:I371)-J371) | L371: =IF(K371="","",K371*Paramètres!$B$5) | M371: =IF(K371="","",K371+L371) | N371: =IF(OR(K371="",E371=0),"",K371/E371)
A372: =IF(B372="","",DATE(VALUE(RIGHT(B372,4)),VALUE(MID(B372,4,2)),VALUE(LEFT(B372,2)))) | C372: =IF(A372="","",MONTH(A372)) | K372: =IF(A372="","",SUM(F372:I372)-J372) | L372: =IF(K372="","",K372*Paramètres!$B$5) | M372: =IF(K372="","",K372+L372) | N372: =IF(OR(K372="",E372=0),"",K372/E372)
A373: =IF(B373="","",DATE(VALUE(RIGHT(B373,4)),VALUE(MID(B373,4,2)),VALUE(LEFT(B373,2)))) | C373: =IF(A373="","",MONTH(A373)) | K373: =IF(A373="","",SUM(F373:I373)-J373) | L373: =IF(K373="","",K373*Paramètres!$B$5) | M373: =IF(K373="","",K373+L373) | N373: =IF(OR(K373="",E373=0),"",K373/E373)
... A2000: =IF(B2000="","",DATE(VALUE(RIGHT(B2000,4)),VALUE(MID(B2000,4,2)),VALUE(LEFT(B2000,2)))) | C2000: =IF(A2000="","",MONTH(A2000)) | K2000: =IF(A2000="","",SUM(F2000:I2000)-J2000) | L2000: =IF(K2000="","",K2000*Paramètres!$B$5) | M2000: =IF(K2000="","",K2000+L2000) | N2000: =IF(OR(K2000="",E2000=0),"",K2000/E2000)

Sheet Saisie_Achats
A1: Date (calculée) [cachée] | B1: Date (saisie) dd/mm/yyyy | C1: Mois | D1: Fournisseur | E1: Catégorie achat | F1: Montant (HT) | G1: TVA déductible | H1: Total TTC | J1: Légende
A2: =IF(B2="","",DATE(VALUE(RIGHT(B2,4)),VALUE(MID(B2,4,2)),VALUE(LEFT(B2,2)))) -> 45676 | B2: 19/01/2025 | C2: =IF(A2="","",MONTH(A2)) -> 1 | D2: Fournisseur B | E2: Food | F2: 4350.35 | G2: =IF(F2="","",F2*Paramètres!$B$5) -> 870.07 | H2: =IF(F2="","",F2+G2) -> 5220.42 | J2: ✔ | K2: Saisie (cellules jaunes)
A3: =IF(B3="","",DATE(VALUE(RIGHT(B3,4)),VALUE(MID(B3,4,2)),VALUE(LEFT(B3,2)))) -> 45663 | B3: 06/01/2025 | C3: =IF(A3="","",MONTH(A3)) -> 1 | D3: Fournisseur B | E3: Food | F3: 3226.08 | G3: =IF(F3="","",F3*Paramètres!$B$5) -> 645.216 | H3: =IF(F3="","",F3+G3) -> 3871.296 | J3: ✔ | K3: Calcul (cellules vertes)
A4: =IF(B4="","",DATE(VALUE(RIGHT(B4,4)),VALUE(MID(B4,4,2)),VALUE(LEFT(B4,2)))) -> 45666 | B4: 09/01/2025 | C4: =IF(A4="","",MONTH(A4)) -> 1 | D4: Marché local | E4: Food | F4: 2894.02 | G4: =IF(F4="","",F4*Paramètres!$B$5) -> 578.804 | H4: =IF(F4="","",F4+G4) -> 3472.824
A5: =IF(B5="","",DATE(VALUE(RIGHT(B5,4)),VALUE(MID(B5,4,2)),VALUE(LEFT(B5,2)))) -> 45663 | B5: 06/01/2025 | C5: =IF(A5="","",MONTH(A5)) -> 1 | D5: Marché local | E5: Food | F5: 3245.1 | G5: =IF(F5="","",F5*Paramètres!$B$5) -> 649.02 | H5: =IF(F5="","",F5+G5) -> 3894.12
A6: =IF(B6="","",DATE(VALUE(RIGHT(B6,4)),VALUE(MID(B6,4,2)),VALUE(LEFT(B6,2)))) -> 45667 | B6: 10/01/2025 | C6: =IF(A6="","",MONTH(A6)) -> 1 | D6: Marché local | E6: Boissons | F6: 1604.4 | G6: =IF(F6="","",F6*Paramètres!$B$5) -> 320.88 | H6: =IF(F6="","",F6+G6) -> 1925.28
A7: =IF(B7="","",DATE(VALUE(RIGHT(B7,4)),VALUE(MID(B7,4,2)),VALUE(LEFT(B7,2)))) -> 45669 | B7: 12/01/2025 | C7: =IF(A7="","",MONTH(A7)) -> 1 | D7: Fournisseur C | E7: Boissons | F7: 1749.8 | G7: =IF(F7="","",F7*Paramètres!$B$5) -> 349.96 | H7: =IF(F7="","",F7+G7) -> 2099.76
A8: =IF(B8="","",DATE(VALUE(RIGHT(B8,4)),VALUE(MID(B8,4,2)),VALUE(LEFT(B8,2)))) -> 45673 | B8: 16/01/2025 | C8: =IF(A8="","",MONTH(A8)) -> 1 | D8: Packaging Pro | E8: Packaging | F8: 457.83 | G8: =IF(F8="","",F8*Paramètres!$B$5) -> 91.566 | H8: =IF(F8="","",F8+G8) -> 549.396
A9: =IF(B9="","",DATE(VALUE(RIGHT(B9,4)),VALUE(MID(B9,4,2)),VALUE(LEFT(B9,2)))) -> 45695 | B9: 07/02/2025 | C9: =IF(A9="","",MONTH(A9)) -> 2 | D9: Marché local | E9: Food | F9: 2788.83 | G9: =IF(F9="","",F9*Paramètres!$B$5) -> 557.766 | H9: =IF(F9="","",F9+G9) -> 3346.596
A10: =IF(B10="","",DATE(VALUE(RIGHT(B10,4)),VALUE(MID(B10,4,2)),VALUE(LEFT(B10,2)))) -> 45698 | B10: 10/02/2025 | C10: =IF(A10="","",MONTH(A10)) -> 2 | D10: Fournisseur A | E10: Food | F10: 5061.82 | G10: =IF(F10="","",F10*Paramètres!$B$5) -> 1012.364 | H10: =IF(F10="","",F10+G10) -> 6074.184
A11: =IF(B11="","",DATE(VALUE(RIGHT(B11,4)),VALUE(MID(B11,4,2)),VALUE(LEFT(B11,2)))) -> 45699 | B11: 11/02/2025 | C11: =IF(A11="","",MONTH(A11)) -> 2 | D11: Marché local | E11: Food | F11: 4671.01 | G11: =IF(F11="","",F11*Paramètres!$B$5) -> 934.202 | H11: =IF(F11="","",F11+G11) -> 5605.212
A12: =IF(B12="","",DATE(VALUE(RIGHT(B12,4)),VALUE(MID(B12,4,2)),VALUE(LEFT(B12,2)))) -> 45699 | B12: 11/02/2025 | C12: =IF(A12="","",MONTH(A12)) -> 2 | D12: Marché local | E12: Food | F12: 3403.79 | G12: =IF(F12="","",F12*Paramètres!$B$5) -> 680.758 | H12: =IF(F12="","",F12+G12) -> 4084.548
A13: =IF(B13="","",DATE(VALUE(RIGHT(B13,4)),VALUE(MID(B13,4,2)),VALUE(LEFT(B13,2)))) -> 45708 | B13: 20/02/2025 | C13: =IF(A13="","",MONTH(A13)) -> 2 | D13: Fournisseur B | E13: Boissons | F13: 1170.39 | G13: =IF(F13="","",F13*Paramètres!$B$5) -> 234.078 | H13: =IF(F13="","",F13+G13) -> 1404.468
A14: =IF(B14="","",DATE(VALUE(RIGHT(B14,4)),VALUE(MID(B14,4,2)),VALUE(LEFT(B14,2)))) -> 45708 | B14: 20/02/2025 | C14: =IF(A14="","",MONTH(A14)) -> 2 | D14: Fournisseur B | E14: Boissons | F14: 1331.11 | G14: =IF(F14="","",F14*Paramètres!$B$5) -> 266.222 | H14: =IF(F14="","",F14+G14) -> 1597.332
A15: =IF(B15="","",DATE(VALUE(RIGHT(B15,4)),VALUE(MID(B15,4,2)),VALUE(LEFT(B15,2)))) -> 45694 | B15: 06/02/2025 | C15: =IF(A15="","",MONTH(A15)) -> 2 | D15: Packaging Pro | E15: Packaging | F15: 587.6 | G15: =IF(F15="","",F15*Paramètres!$B$5) -> 117.52 | H15: =IF(F15="","",F15+G15) -> 705.12
... A85: =IF(B85="","",DATE(VALUE(RIGHT(B85,4)),VALUE(MID(B85,4,2)),VALUE(LEFT(B85,2)))) -> 46005 | B85: 14/12/2025 | C85: =IF(A85="","",MONTH(A85)) -> 12 | D85: Packaging Pro | E85: Packaging | F85: 285.85 | G85: =IF(F85="","",F85*Paramètres!$B$5) -> 57.17 | H85: =IF(F85="","",F85+G85) -> 343.02
A86: =IF(B86="","",DATE(VALUE(RIGHT(B86,4)),VALUE(MID(B86,4,2)),VALUE(LEFT(B86,2)))) | C86: =IF(A86="","",MONTH(A86)) | G86: =IF(F86="","",F86*Paramètres!$B$5) | H86: =IF(F86="","",F86+G86)
A87: =IF(B87="","",DATE(VALUE(RIGHT(B87,4)),VALUE(MID(B87,4,2)),VALUE(LEFT(B87,2)))) | C87: =IF(A87="","",MONTH(A87)) | G87: =IF(F87="","",F87*Paramètres!$B$5) | H87: =IF(F87="","",F87+G87)
A88: =IF(B88="","",DATE(VALUE(RIGHT(B88,4)),VALUE(MID(B88,4,2)),VALUE(LEFT(B88,2)))) | C88: =IF(A88="","",MONTH(A88)) | G88: =IF(F88="","",F88*Paramètres!$B$5) | H88: =IF(F88="","",F88+G88)
A89: =IF(B89="","",DATE(VALUE(RIGHT(B89,4)),VALUE(MID(B89,4,2)),VALUE(LEFT(B89,2)))) | C89: =IF(A89="","",MONTH(A89)) | G89: =IF(F89="","",F89*Paramètres!$B$5) | H89: =IF(F89="","",F89+G89)
A90: =IF(B90="","",DATE(VALUE(RIGHT(B90,4)),VALUE(MID(B90,4,2)),VALUE(LEFT(B90,2)))) | C90: =IF(A90="","",MONTH(A90)) | G90: =IF(F90="","",F90*Paramètres!$B$5) | H90: =IF(F90="","",F90+G90)
A91: =IF(B91="","",DATE(VALUE(RIGHT(B91,4)),VALUE(MID(B91,4,2)),VALUE(LEFT(B91,2)))) | C91: =IF(A91="","",MONTH(A91)) | G91: =IF(F91="","",F91*Paramètres!$B$5) | H91: =IF(F91="","",F91+G91)
A92: =IF(B92="","",DATE(VALUE(RIGHT(B92,4)),VALUE(MID(B92,4,2)),VALUE(LEFT(B92,2)))) | C92: =IF(A92="","",MONTH(A92)) | G92: =IF(F92="","",F92*Paramètres!$B$5) | H92: =IF(F92="","",F92+G92)
A93: =IF(B93="","",DATE(VALUE(RIGHT(B93,4)),VALUE(MID(B93,4,2)),VALUE(LEFT(B93,2)))) | C93: =IF(A93="","",MONTH(A93)) | G93: =IF(F93="","",F93*Paramètres!$B$5) | H93: =IF(F93="","",F93+G93)
A94: =IF(B94="","",DATE(VALUE(RIGHT(B94,4)),VALUE(MID(B94,4,2)),VALUE(LEFT(B94,2)))) | C94: =IF(A94="","",MONTH(A94)) | G94: =IF(F94="","",F94*Paramètres!$B$5) | H94: =IF(F94="","",F94+G94)
A95: =IF(B95="","",DATE(VALUE(RIGHT(B95,4)),VALUE(MID(B95,4,2)),VALUE(LEFT(B95,2)))) | C95: =IF(A95="","",MONTH(A95)) | G95: =IF(F95="","",F95*Paramètres!$B$5) | H95: =IF(F95="","",F95+G95)
A96: =IF(B96="","",DATE(VALUE(RIGHT(B96,4)),VALUE(MID(B96,4,2)),VALUE(LEFT(B96,2)))) | C96: =IF(A96="","",MONTH(A96)) | G96: =IF(F96="","",F96*Paramètres!$B$5) | H96: =IF(F96="","",F96+G96)
A97: =IF(B97="","",DATE(VALUE(RIGHT(B97,4)),VALUE(MID(B97,4,2)),VALUE(LEFT(B97,2)))) | C97: =IF(A97="","",MONTH(A97)) | G97: =IF(F97="","",F97*Paramètres!$B$5) | H97: =IF(F97="","",F97+G97)
... A2000: =IF(B2000="","",DATE(VALUE(RIGHT(B2000,4)),VALUE(MID(B2000,4,2)),VALUE(LEFT(B2000,2)))) | C2000: =IF(A2000="","",MONTH(A2000)) | G2000: =IF(F2000="","",F2000*Paramètres!$B$5) | H2000: =IF(F2000="","",F2000+G2000)

Sheet Saisie_Charges
A1: Date (calculée) [cachée] | B1: Date (saisie) dd/mm/yyyy | C1: Mois | D1: Fournisseur | E1: Catégorie charge | F1: Montant (HT) | G1: Taux TVA appliqué | H1: TVA déductible | I1: Total TTC | J1: Commentaire | L1: Légende
A2: =IF(B2="","",DATE(VALUE(RIGHT(B2,4)),VALUE(MID(B2,4,2)),VALUE(LEFT(B2,2)))) -> 45662 | B2: 05/01/2025 | C2: =IF(A2="","",MONTH(A2)) -> 1 | E2: Salaires | F2: 20980.42 | G2: =IF(OR(E2="Salaires",E2="Charges sociales"),0,Paramètres!$B$5) -> 0 | H2: =IF(F2="","",F2*G2) -> 0 | I2: =IF(F2="","",F2+H2) -> 20980.42 | L2: ✔ | M2: Saisie (cellules jaunes)
A3: =IF(B3="","",DATE(VALUE(RIGHT(B3,4)),VALUE(MID(B3,4,2)),VALUE(LEFT(B3,2)))) -> 45662 | B3: 05/01/2025 | C3: =IF(A3="","",MONTH(A3)) -> 1 | E3: Charges sociales | F3: 8378.36 | G3: =IF(OR(E3="Salaires",E3="Charges sociales"),0,Paramètres!$B$5) -> 0 | H3: =IF(F3="","",F3*G3) -> 0 | I3: =IF(F3="","",F3+H3) -> 8378.36 | L3: ✔ | M3: Calcul (cellules vertes)
A4: =IF(B4="","",DATE(VALUE(RIGHT(B4,4)),VALUE(MID(B4,4,2)),VALUE(LEFT(B4,2)))) -> 45662 | B4: 05/01/2025 | C4: =IF(A4="","",MONTH(A4)) -> 1 | E4: Loyer | F4: 6500 | G4: =IF(OR(E4="Salaires",E4="Charges sociales"),0,Paramètres!$B$5) -> 0.2 | H4: =IF(F4="","",F4*G4) -> 1300 | I4: =IF(F4="","",F4+H4) -> 7800
A5: =IF(B5="","",DATE(VALUE(RIGHT(B5,4)),VALUE(MID(B5,4,2)),VALUE(LEFT(B5,2)))) -> 45662 | B5: 05/01/2025 | C5: =IF(A5="","",MONTH(A5)) -> 1 | E5: Énergie | F5: 1557.25 | G5: =IF(OR(E5="Salaires",E5="Charges sociales"),0,Paramètres!$B$5) -> 0.2 | H5: =IF(F5="","",F5*G5) -> 311.45 | I5: =IF(F5="","",F5+H5) -> 1868.7
A6: =IF(B6="","",DATE(VALUE(RIGHT(B6,4)),VALUE(MID(B6,4,2)),VALUE(LEFT(B6,2)))) -> 45662 | B6: 05/01/2025 | C6: =IF(A6="","",MONTH(A6)) -> 1 | E6: Marketing | F6: 899.59 | G6: =IF(OR(E6="Salaires",E6="Charges sociales"),0,Paramètres!$B$5) -> 0.2 | H6: =IF(F6="","",F6*G6) -> 179.918 | I6: =IF(F6="","",F6+H6) -> 1079.508
A7: =IF(B7="","",DATE(VALUE(RIGHT(B7,4)),VALUE(MID(B7,4,2)),VALUE(LEFT(B7,2)))) -> 45662 | B7: 05/01/2025 | C7: =IF(A7="","",MONTH(A7)) -> 1 | E7: Commissions plateformes | F7: 1149.73 | G7: =IF(OR(E7="Salaires",E7="Charges sociales"),0,Paramètres!$B$5) -> 0.2 | H7: =IF(F7="","",F7*G7) -> 229.946 | I7: =IF(F7="","",F7+H7) -> 1379.676
A8: =IF(B8="","",DATE(VALUE(RIGHT(B8,4)),VALUE(MID(B8,4,2)),VALUE(LEFT(B8,2)))) -> 45662 | B8: 05/01/2025 | C8: =IF(A8="","",MONTH(A8)) -> 1 | E8: Autres charges | F8: 1288.01 | G8: =IF(OR(E8="Salaires",E8="Charges sociales"),0,Paramètres!$B$5) -> 0.2 | H8: =IF(F8="","",F8*G8) -> 257.602 | I8: =IF(F8="","",F8+H8) -> 1545.612
A9: =IF(B9="","",DATE(VALUE(RIGHT(B9,4)),VALUE(MID(B9,4,2)),VALUE(LEFT(B9,2)))) -> 45693 | B9: 05/02/2025 | C9: =IF(A9="","",MONTH(A9)) -> 2 | E9: Salaires | F9: 20900.37 | G9: =IF(OR(E9="Salaires",E9="Charges sociales"),0,Paramètres!$B$5) -> 0 | H9: =IF(F9="","",F9*G9) -> 0 | I9: =IF(F9="","",F9+H9) -> 20900.37
A10: =IF(B10="","",DATE(VALUE(RIGHT(B10,4)),VALUE(MID(B10,4,2)),VALUE(LEFT(B10,2)))) -> 45693 | B10: 05/02/2025 | C10: =IF(A10="","",MONTH(A10)) -> 2 | E10: Charges sociales | F10: 7597.67 | G10: =IF(OR(E10="Salaires",E10="Charges sociales"),0,Paramètres!$B$5) -> 0 | H10: =IF(F10="","",F10*G10) -> 0 | I10: =IF(F10="","",F10+H10) -> 7597.67
A11: =IF(B11="","",DATE(VALUE(RIGHT(B11,4)),VALUE(MID(B11,4,2)),VALUE(LEFT(B11,2)))) -> 45693 | B11: 05/02/2025 | C11: =IF(A11="","",MONTH(A11)) -> 2 | E11: Loyer | F11: 6500 | G11: =IF(OR(E11="Salaires",E11="Charges sociales"),0,Paramètres!$B$5) -> 0.2 | H11: =IF(F11="","",F11*G11) -> 1300 | I11: =IF(F11="","",F11+H11) -> 7800
A12: =IF(B12="","",DATE(VALUE(RIGHT(B12,4)),VALUE(MID(B12,4,2)),VALUE(LEFT(B12,2)))) -> 45693 | B12: 05/02/2025 | C12: =IF(A12="","",MONTH(A12)) -> 2 | E12: Énergie | F12: 2392.75 | G12: =IF(OR(E12="Salaires",E12="Charges sociales"),0,Paramètres!$B$5) -> 0.2 | H12: =IF(F12="","",F12*G12) -> 478.55 | I12: =IF(F12="","",F12+H12) -> 2871.3
A13: =IF(B13="","",DATE(VALUE(RIGHT(B13,4)),VALUE(MID(B13,4,2)),VALUE(LEFT(B13,2)))) -> 45693 | B13: 05/02/2025 | C13: =IF(A13="","",MONTH(A13)) -> 2 | E13: Marketing | F13: 765.38 | G13: =IF(OR(E13="Salaires",E13="Charges sociales"),0,Paramètres!$B$5) -> 0.2 | H13: =IF(F13="","",F13*G13) -> 153.076 | I13: =IF(F13="","",F13+H13) -> 918.456
A14: =IF(B14="","",DATE(VALUE(RIGHT(B14,4)),VALUE(MID(B14,4,2)),VALUE(LEFT(B14,2)))) -> 45693 | B14: 05/02/2025 | C14: =IF(A14="","",MONTH(A14)) -> 2 | E14: Commissions plateformes | F14: 936.95 | G14: =IF(OR(E14="Salaires",E14="Charges sociales"),0,Paramètres!$B$5) -> 0.2 | H14: =IF(F14="","",F14*G14) -> 187.39 | I14: =IF(F14="","",F14+H14) -> 1124.34
A15: =IF(B15="","",DATE(VALUE(RIGHT(B15,4)),VALUE(MID(B15,4,2)),VALUE(LEFT(B15,2)))) -> 45693 | B15: 05/02/2025 | C15: =IF(A15="","",MONTH(A15)) -> 2 | E15: Autres charges | F15: 1934.98 | G15: =IF(OR(E15="Salaires",E15="Charges sociales"),0,Paramètres!$B$5) -> 0.2 | H15: =IF(F15="","",F15*G15) -> 386.996 | I15: =IF(F15="","",F15+H15) -> 2321.976
... A85: =IF(B85="","",DATE(VALUE(RIGHT(B85,4)),VALUE(MID(B85,4,2)),VALUE(LEFT(B85,2)))) -> 45996 | B85: 05/12/2025 | C85: =IF(A85="","",MONTH(A85)) -> 12 | E85: Autres charges | F85: 1959.68 | G85: =IF(OR(E85="Salaires",E85="Charges sociales"),0,Paramètres!$B$5) -> 0.2 | H85: =IF(F85="","",F85*G85) -> 391.936 | I85: =IF(F85="","",F85+H85) -> 2351.616
A86: =IF(B86="","",DATE(VALUE(RIGHT(B86,4)),VALUE(MID(B86,4,2)),VALUE(LEFT(B86,2)))) | C86: =IF(A86="","",MONTH(A86)) | G86: =IF(OR(E86="Salaires",E86="Charges sociales"),0,Paramètres!$B$5) -> 0.2 | H86: =IF(F86="","",F86*G86) | I86: =IF(F86="","",F86+H86)
A87: =IF(B87="","",DATE(VALUE(RIGHT(B87,4)),VALUE(MID(B87,4,2)),VALUE(LEFT(B87,2)))) | C87: =IF(A87="","",MONTH(A87)) | G87: =IF(OR(E87="Salaires",E87="Charges sociales"),0,Paramètres!$B$5) -> 0.2 | H87: =IF(F87="","",F87*G87) | I87: =IF(F87="","",F87+H87)
A88: =IF(B88="","",DATE(VALUE(RIGHT(B88,4)),VALUE(MID(B88,4,2)),VALUE(LEFT(B88,2)))) | C88: =IF(A88="","",MONTH(A88)) | G88: =IF(OR(E88="Salaires",E88="Charges sociales"),0,Paramètres!$B$5) -> 0.2 | H88: =IF(F88="","",F88*G88) | I88: =IF(F88="","",F88+H88)
A89: =IF(B89="","",DATE(VALUE(RIGHT(B89,4)),VALUE(MID(B89,4,2)),VALUE(LEFT(B89,2)))) | C89: =IF(A89="","",MONTH(A89)) | G89: =IF(OR(E89="Salaires",E89="Charges sociales"),0,Paramètres!$B$5) -> 0.2 | H89: =IF(F89="","",F89*G89) | I89: =IF(F89="","",F89+H89)
A90: =IF(B90="","",DATE(VALUE(RIGHT(B90,4)),VALUE(MID(B90,4,2)),VALUE(LEFT(B90,2)))) | C90: =IF(A90="","",MONTH(A90)) | G90: =IF(OR(E90="Salaires",E90="Charges sociales"),0,Paramètres!$B$5) -> 0.2 | H90: =IF(F90="","",F90*G90) | I90: =IF(F90="","",F90+H90)
A91: =IF(B91="","",DATE(VALUE(RIGHT(B91,4)),VALUE(MID(B91,4,2)),VALUE(LEFT(B91,2)))) | C91: =IF(A91="","",MONTH(A91)) | G91: =IF(OR(E91="Salaires",E91="Charges sociales"),0,Paramètres!$B$5) -> 0.2 | H91: =IF(F91="","",F91*G91) | I91: =IF(F91="","",F91+H91)
A92: =IF(B92="","",DATE(VALUE(RIGHT(B92,4)),VALUE(MID(B92,4,2)),VALUE(LEFT(B92,2)))) | C92: =IF(A92="","",MONTH(A92)) | G92: =IF(OR(E92="Salaires",E92="Charges sociales"),0,Paramètres!$B$5) -> 0.2 | H92: =IF(F92="","",F92*G92) | I92: =IF(F92="","",F92+H92)
A93: =IF(B93="","",DATE(VALUE(RIGHT(B93,4)),VALUE(MID(B93,4,2)),VALUE(LEFT(B93,2)))) | C93: =IF(A93="","",MONTH(A93)) | G93: =IF(OR(E93="Salaires",E93="Charges sociales"),0,Paramètres!$B$5) -> 0.2 | H93: =IF(F93="","",F93*G93) | I93: =IF(F93="","",F93+H93)
A94: =IF(B94="","",DATE(VALUE(RIGHT(B94,4)),VALUE(MID(B94,4,2)),VALUE(LEFT(B94,2)))) | C94: =IF(A94="","",MONTH(A94)) | G94: =IF(OR(E94="Salaires",E94="Charges sociales"),0,Paramètres!$B$5) -> 0.2 | H94: =IF(F94="","",F94*G94) | I94: =IF(F94="","",F94+H94)
A95: =IF(B95="","",DATE(VALUE(RIGHT(B95,4)),VALUE(MID(B95,4,2)),VALUE(LEFT(B95,2)))) | C95: =IF(A95="","",MONTH(A95)) | G95: =IF(OR(E95="Salaires",E95="Charges sociales"),0,Paramètres!$B$5) -> 0.2 | H95: =IF(F95="","",F95*G95) | I95: =IF(F95="","",F95+H95)
A96: =IF(B96="","",DATE(VALUE(RIGHT(B96,4)),VALUE(MID(B96,4,2)),VALUE(LEFT(B96,2)))) | C96: =IF(A96="","",MONTH(A96)) | G96: =IF(OR(E96="Salaires",E96="Charges sociales"),0,Paramètres!$B$5) -> 0.2 | H96: =IF(F96="","",F96*G96) | I96: =IF(F96="","",F96+H96)
A97: =IF(B97="","",DATE(VALUE(RIGHT(B97,4)),VALUE(MID(B97,4,2)),VALUE(LEFT(B97,2)))) | C97: =IF(A97="","",MONTH(A97)) | G97: =IF(OR(E97="Salaires",E97="Charges sociales"),0,Paramètres!$B$5) -> 0.2 | H97: =IF(F97="","",F97*G97) | I97: =IF(F97="","",F97+H97)
... A2000: =IF(B2000="","",DATE(VALUE(RIGHT(B2000,4)),VALUE(MID(B2000,4,2)),VALUE(LEFT(B2000,2)))) | C2000: =IF(A2000="","",MONTH(A2000)) | G2000: =IF(OR(E2000="Salaires",E2000="Charges sociales"),0,Paramètres!$B$5) -> 0.2 | H2000: =IF(F2000="","",F2000*G2000) | I2000: =IF(F2000="","",F2000+H2000)

Sheet Compte_de_Résultat
A1: Compte de Résultat - Restaurant
A2: Tout est calculé automatiquement à partir des saisies.
A4: Poste | B4: Janv | C4: Fév | D4: Mars | E4: Avr | F4: Mai | G4: Juin | H4: Juil | I4: Août | J4: Sept | K4: Oct | L4: Nov | M4: Déc | N4: Total
A5: Mois (n°) | B5: 1 | C5: 2 | D5: 3 | E5: 4 | F5: 5 | G5: 6 | H5: 7 | I5: 8 | J5: 9 | K5: 10 | L5: 11 | M5: 12
A6: Chiffre d’affaires net (HT) | B6: =SUMIFS(Saisie_Ventes!$K:$K,Saisie_Ventes!$C:$C,B5) -> 35797.1 | C6: =SUMIFS(Saisie_Ventes!$K:$K,Saisie_Ventes!$C:$C,C5) -> 32083.87 | D6: =SUMIFS(Saisie_Ventes!$K:$K,Saisie_Ventes!$C:$C,D5) -> 36661.84 | E6: =SUMIFS(Saisie_Ventes!$K:$K,Saisie_Ventes!$C:$C,E5) -> 33036.39 | F6: =SUMIFS(Saisie_Ventes!$K:$K,Saisie_Ventes!$C:$C,F5) -> 33361.98 | G6: =SUMIFS(Saisie_Ventes!$K:$K,Saisie_Ventes!$C:$C,G5) -> 33385.25 | H6: =SUMIFS(Saisie_Ventes!$K:$K,Saisie_Ventes!$C:$C,H5) -> 32646.3 | I6: =SUMIFS(Saisie_Ventes!$K:$K,Saisie_Ventes!$C:$C,I5) -> 31128.59 | ... M6: =SUMIFS(Saisie_Ventes!$K:$K,Saisie_Ventes!$C:$C,M5) -> 30700.67 | N6: =SUM(B6:M6) -> 402065.74
A7: Achats Food (HT) | B7: =SUMIFS(Saisie_Achats!$F:$F,Saisie_Achats!$C:$C,B5,Saisie_Achats!$E:$E,"Food") -> 13715.55 | C7: =SUMIFS(Saisie_Achats!$F:$F,Saisie_Achats!$C:$C,C5,Saisie_Achats!$E:$E,"Food") -> 15925.45 | D7: =SUMIFS(Saisie_Achats!$F:$F,Saisie_Achats!$C:$C,D5,Saisie_Achats!$E:$E,"Food") -> 15448.6 | E7: =SUMIFS(Saisie_Achats!$F:$F,Saisie_Achats!$C:$C,E5,Saisie_Achats!$E:$E,"Food") -> 16754.76 | F7: =SUMIFS(Saisie_Achats!$F:$F,Saisie_Achats!$C:$C,F5,Saisie_Achats!$E:$E,"Food") -> 14872.54 | G7: =SUMIFS(Saisie_Achats!$F:$F,Saisie_Achats!$C:$C,G5,Saisie_Achats!$E:$E,"Food") -> 14502.61 | H7: =SUMIFS(Saisie_Achats!$F:$F,Saisie_Achats!$C:$C,H5,Saisie_Achats!$E:$E,"Food") -> 13132.14 | I7: =SUMIFS(Saisie_Achats!$F:$F,Saisie_Achats!$C:$C,I5,Saisie_Achats!$E:$E,"Food") -> 16570.12 | ... M7: =SUMIFS(Saisie_Achats!$F:$F,Saisie_Achats!$C:$C,M5,Saisie_Achats!$E:$E,"Food") -> 12750 | N7: =SUM(B7:M7) -> 178843.42
A8: Achats Boissons (HT) | B8: =SUMIFS(Saisie_Achats!$F:$F,Saisie_Achats!$C:$C,B5,Saisie_Achats!$E:$E,"Boissons") -> 3354.2 | C8: =SUMIFS(Saisie_Achats!$F:$F,Saisie_Achats!$C:$C,C5,Saisie_Achats!$E:$E,"Boissons") -> 2501.5 | D8: =SUMIFS(Saisie_Achats!$F:$F,Saisie_Achats!$C:$C,D5,Saisie_Achats!$E:$E,"Boissons") -> 3271.24 | E8: =SUMIFS(Saisie_Achats!$F:$F,Saisie_Achats!$C:$C,E5,Saisie_Achats!$E:$E,"Boissons") -> 3172.56 | F8: =SUMIFS(Saisie_Achats!$F:$F,Saisie_Achats!$C:$C,F5,Saisie_Achats!$E:$E,"Boissons") -> 2269.1 | G8: =SUMIFS(Saisie_Achats!$F:$F,Saisie_Achats!$C:$C,G5,Saisie_Achats!$E:$E,"Boissons") -> 2185.16 | H8: =SUMIFS(Saisie_Achats!$F:$F,Saisie_Achats!$C:$C,H5,Saisie_Achats!$E:$E,"Boissons") -> 2873.82 | I8: =SUMIFS(Saisie_Achats!$F:$F,Saisie_Achats!$C:$C,I5,Saisie_Achats!$E:$E,"Boissons") -> 2054.52 | ... M8: =SUMIFS(Saisie_Achats!$F:$F,Saisie_Achats!$C:$C,M5,Saisie_Achats!$E:$E,"Boissons") -> 2779.56 | N8: =SUM(B8:M8) -> 33024.8
A9: Achats Packaging (HT) | B9: =SUMIFS(Saisie_Achats!$F:$F,Saisie_Achats!$C:$C,B5,Saisie_Achats!$E:$E,"Packaging") -> 457.83 | C9: =SUMIFS(Saisie_Achats!$F:$F,Saisie_Achats!$C:$C,C5,Saisie_Achats!$E:$E,"Packaging") -> 587.6 | D9: =SUMIFS(Saisie_Achats!$F:$F,Saisie_Achats!$C:$C,D5,Saisie_Achats!$E:$E,"Packaging") -> 580.04 | E9: =SUMIFS(Saisie_Achats!$F:$F,Saisie_Achats!$C:$C,E5,Saisie_Achats!$E:$E,"Packaging") -> 440.28 | F9: =SUMIFS(Saisie_Achats!$F:$F,Saisie_Achats!$C:$C,F5,Saisie_Achats!$E:$E,"Packaging") -> 445.3 | G9: =SUMIFS(Saisie_Achats!$F:$F,Saisie_Achats!$C:$C,G5,Saisie_Achats!$E:$E,"Packaging") -> 524.49 | H9: =SUMIFS(Saisie_Achats!$F:$F,Saisie_Achats!$C:$C,H5,Saisie_Achats!$E:$E,"Packaging") -> 306.05 | I9: =SUMIFS(Saisie_Achats!$F:$F,Saisie_Achats!$C:$C,I5,Saisie_Achats!$E:$E,"Packaging") -> 452.07 | ... M9: =SUMIFS(Saisie_Achats!$F:$F,Saisie_Achats!$C:$C,M5,Saisie_Achats!$E:$E,"Packaging") -> 285.85 | N9: =SUM(B9:M9) -> 5262.94
A10: Total Achats (COGS) (HT) | B10: =B7+B8+B9+SUMIFS(Saisie_Achats!$F:$F,Saisie_Achats!$C:$C,B5,Saisie_Achats!$E:$E,"Autres achats directs") -> 17527.58 | C10: =C7+C8+C9+SUMIFS(Saisie_Achats!$F:$F,Saisie_Achats!$C:$C,C5,Saisie_Achats!$E:$E,"Autres achats directs") -> 19014.55 | D10: =D7+D8+D9+SUMIFS(Saisie_Achats!$F:$F,Saisie_Achats!$C:$C,D5,Saisie_Achats!$E:$E,"Autres achats directs") -> 19299.88 | E10: =E7+E8+E9+SUMIFS(Saisie_Achats!$F:$F,Saisie_Achats!$C:$C,E5,Saisie_Achats!$E:$E,"Autres achats directs") -> 20367.6 | F10: =F7+F8+F9+SUMIFS(Saisie_Achats!$F:$F,Saisie_Achats!$C:$C,F5,Saisie_Achats!$E:$E,"Autres achats directs") -> 17586.94 | G10: =G7+G8+G9+SUMIFS(Saisie_Achats!$F:$F,Saisie_Achats!$C:$C,G5,Saisie_Achats!$E:$E,"Autres achats directs") -> 17212.26 | H10: =H7+H8+H9+SUMIFS(Saisie_Achats!$F:$F,Saisie_Achats!$C:$C,H5,Saisie_Achats!$E:$E,"Autres achats directs") -> 16312.01 | I10: =I7+I8+I9+SUMIFS(Saisie_Achats!$F:$F,Saisie_Achats!$C:$C,I5,Saisie_Achats!$E:$E,"Autres achats directs") -> 19076.71 | ... M10: =M7+M8+M9+SUMIFS(Saisie_Achats!$F:$F,Saisie_Achats!$C:$C,M5,Saisie_Achats!$E:$E,"Autres achats directs") -> 15815.41 | N10: =SUM(B10:M10) -> 217131.16
A11: Marge brute (HT) | B11: =B6-B10 -> 18269.52 | C11: =C6-C10 -> 13069.32 | D11: =D6-D10 -> 17361.96 | E11: =E6-E10 -> 12668.79 | F11: =F6-F10 -> 15775.04 | G11: =G6-G10 -> 16172.99 | H11: =H6-H10 -> 16334.29 | I11: =I6-I10 -> 12051.88 | ... M11: =M6-M10 -> 14885.26 | N11: =SUM(B11:M11) -> 184934.58
A12: Salaires (HT) | B12: =SUMIFS(Saisie_Charges!$F:$F,Saisie_Charges!$C:$C,B5,Saisie_Charges!$E:$E,"Salaires") -> 20980.42 | C12: =SUMIFS(Saisie_Charges!$F:$F,Saisie_Charges!$C:$C,C5,Saisie_Charges!$E:$E,"Salaires") -> 20900.37 | D12: =SUMIFS(Saisie_Charges!$F:$F,Saisie_Charges!$C:$C,D5,Saisie_Charges!$E:$E,"Salaires") -> 19527.54 | E12: =SUMIFS(Saisie_Charges!$F:$F,Saisie_Charges!$C:$C,E5,Saisie_Charges!$E:$E,"Salaires") -> 17239.72 | F12: =SUMIFS(Saisie_Charges!$F:$F,Saisie_Charges!$C:$C,F5,Saisie_Charges!$E:$E,"Salaires") -> 17941.92 | G12: =SUMIFS(Saisie_Charges!$F:$F,Saisie_Charges!$C:$C,G5,Saisie_Charges!$E:$E,"Salaires") -> 20075.8 | H12: =SUMIFS(Saisie_Charges!$F:$F,Saisie_Charges!$C:$C,H5,Saisie_Charges!$E:$E,"Salaires") -> 21202.29 | I12: =SUMIFS(Saisie_Charges!$F:$F,Saisie_Charges!$C:$C,I5,Saisie_Charges!$E:$E,"Salaires") -> 20568.84 | ... M12: =SUMIFS(Saisie_Charges!$F:$F,Saisie_Charges!$C:$C,M5,Saisie_Charges!$E:$E,"Salaires") -> 19206.55 | N12: =SUM(B12:M12) -> 238369.76
A13: Charges sociales (HT) | B13: =SUMIFS(Saisie_Charges!$F:$F,Saisie_Charges!$C:$C,B5,Saisie_Charges!$E:$E,"Charges sociales") -> 8378.36 | C13: =SUMIFS(Saisie_Charges!$F:$F,Saisie_Charges!$C:$C,C5,Saisie_Charges!$E:$E,"Charges sociales") -> 7597.67 | D13: =SUMIFS(Saisie_Charges!$F:$F,Saisie_Charges!$C:$C,D5,Saisie_Charges!$E:$E,"Charges sociales") -> 7376.58 | E13: =SUMIFS(Saisie_Charges!$F:$F,Saisie_Charges!$C:$C,E5,Saisie_Charges!$E:$E,"Charges sociales") -> 7017.36 | F13: =SUMIFS(Saisie_Charges!$F:$F,Saisie_Charges!$C:$C,F5,Saisie_Charges!$E:$E,"Charges sociales") -> 8260.13 | G13: =SUMIFS(Saisie_Charges!$F:$F,Saisie_Charges!$C:$C,G5,Saisie_Charges!$E:$E,"Charges sociales") -> 6738.06 | H13: =SUMIFS(Saisie_Charges!$F:$F,Saisie_Charges!$C:$C,H5,Saisie_Charges!$E:$E,"Charges sociales") -> 6817.22 | I13: =SUMIFS(Saisie_Charges!$F:$F,Saisie_Charges!$C:$C,I5,Saisie_Charges!$E:$E,"Charges sociales") -> 8190.59 | ... M13: =SUMIFS(Saisie_Charges!$F:$F,Saisie_Charges!$C:$C,M5,Saisie_Charges!$E:$E,"Charges sociales") -> 7044.57 | N13: =SUM(B13:M13) -> 91254.62
A14: Loyer (HT) | B14: =SUMIFS(Saisie_Charges!$F:$F,Saisie_Charges!$C:$C,B5,Saisie_Charges!$E:$E,"Loyer") -> 6500 | C14: =SUMIFS(Saisie_Charges!$F:$F,Saisie_Charges!$C:$C,C5,Saisie_Charges!$E:$E,"Loyer") -> 6500 | D14: =SUMIFS(Saisie_Charges!$F:$F,Saisie_Charges!$C:$C,D5,Saisie_Charges!$E:$E,"Loyer") -> 6500 | E14: =SUMIFS(Saisie_Charges!$F:$F,Saisie_Charges!$C:$C,E5,Saisie_Charges!$E:$E,"Loyer") -> 6500 | F14: =SUMIFS(Saisie_Charges!$F:$F,Saisie_Charges!$C:$C,F5,Saisie_Charges!$E:$E,"Loyer") -> 6500 | G14: =SUMIFS(Saisie_Charges!$F:$F,Saisie_Charges!$C:$C,G5,Saisie_Charges!$E:$E,"Loyer") -> 6500 | H14: =SUMIFS(Saisie_Charges!$F:$F,Saisie_Charges!$C:$C,H5,Saisie_Charges!$E:$E,"Loyer") -> 6500 | I14: =SUMIFS(Saisie_Charges!$F:$F,Saisie_Charges!$C:$C,I5,Saisie_Charges!$E:$E,"Loyer") -> 6500 | ... M14: =SUMIFS(Saisie_Charges!$F:$F,Saisie_Charges!$C:$C,M5,Saisie_Charges!$E:$E,"Loyer") -> 6500 | N14: =SUM(B14:M14) -> 78000
A15: Énergie (HT) | B15: =SUMIFS(Saisie_Charges!$F:$F,Saisie_Charges!$C:$C,B5,Saisie_Charges!$E:$E,"Énergie") -> 1557.25 | C15: =SUMIFS(Saisie_Charges!$F:$F,Saisie_Charges!$C:$C,C5,Saisie_Charges!$E:$E,"Énergie") -> 2392.75 | D15: =SUMIFS(Saisie_Charges!$F:$F,Saisie_Charges!$C:$C,D5,Saisie_Charges!$E:$E,"Énergie") -> 2052.9 | E15: =SUMIFS(Saisie_Charges!$F:$F,Saisie_Charges!$C:$C,E5,Saisie_Charges!$E:$E,"Énergie") -> 1271.23 | F15: =SUMIFS(Saisie_Charges!$F:$F,Saisie_Charges!$C:$C,F5,Saisie_Charges!$E:$E,"Énergie") -> 1547.2 | G15: =SUMIFS(Saisie_Charges!$F:$F,Saisie_Charges!$C:$C,G5,Saisie_Charges!$E:$E,"Énergie") -> 2355.33 | H15: =SUMIFS(Saisie_Charges!$F:$F,Saisie_Charges!$C:$C,H5,Saisie_Charges!$E:$E,"Énergie") -> 2239.29 | I15: =SUMIFS(Saisie_Charges!$F:$F,Saisie_Charges!$C:$C,I5,Saisie_Charges!$E:$E,"Énergie") -> 1787.35 | ... M15: =SUMIFS(Saisie_Charges!$F:$F,Saisie_Charges!$C:$C,M5,Saisie_Charges!$E:$E,"Énergie") -> 1715.57 | N15: =SUM(B15:M15) -> 23265.46
A16: Marketing (HT) | B16: =SUMIFS(Saisie_Charges!$F:$F,Saisie_Charges!$C:$C,B5,Saisie_Charges!$E:$E,"Marketing") -> 899.59 | C16: =SUMIFS(Saisie_Charges!$F:$F,Saisie_Charges!$C:$C,C5,Saisie_Charges!$E:$E,"Marketing") -> 765.38 | D16: =SUMIFS(Saisie_Charges!$F:$F,Saisie_Charges!$C:$C,D5,Saisie_Charges!$E:$E,"Marketing") -> 679.66 | E16: =SUMIFS(Saisie_Charges!$F:$F,Saisie_Charges!$C:$C,E5,Saisie_Charges!$E:$E,"Marketing") -> 510.49 | F16: =SUMIFS(Saisie_Charges!$F:$F,Saisie_Charges!$C:$C,F5,Saisie_Charges!$E:$E,"Marketing") -> 460.41 | G16: =SUMIFS(Saisie_Charges!$F:$F,Saisie_Charges!$C:$C,G5,Saisie_Charges!$E:$E,"Marketing") -> 771.41 | H16: =SUMIFS(Saisie_Charges!$F:$F,Saisie_Charges!$C:$C,H5,Saisie_Charges!$E:$E,"Marketing") -> 449.81 | I16: =SUMIFS(Saisie_Charges!$F:$F,Saisie_Charges!$C:$C,I5,Saisie_Charges!$E:$E,"Marketing") -> 646.46 | ... M16: =SUMIFS(Saisie_Charges!$F:$F,Saisie_Charges!$C:$C,M5,Saisie_Charges!$E:$E,"Marketing") -> 427.11 | N16: =SUM(B16:M16) -> 7161.04
A17: Commissions plateformes (HT) | B17: =SUMIFS(Saisie_Charges!$F:$F,Saisie_Charges!$C:$C,B5,Saisie_Charges!$E:$E,"Commissions plateformes") -> 1149.73 | C17: =SUMIFS(Saisie_Charges!$F:$F,Saisie_Charges!$C:$C,C5,Saisie_Charges!$E:$E,"Commissions plateformes") -> 936.95 | D17: =SUMIFS(Saisie_Charges!$F:$F,Saisie_Charges!$C:$C,D5,Saisie_Charges!$E:$E,"Commissions plateformes") -> 865.98 | E17: =SUMIFS(Saisie_Charges!$F:$F,Saisie_Charges!$C:$C,E5,Saisie_Charges!$E:$E,"Commissions plateformes") -> 981.09 | F17: =SUMIFS(Saisie_Charges!$F:$F,Saisie_Charges!$C:$C,F5,Saisie_Charges!$E:$E,"Commissions plateformes") -> 1558.02 | G17: =SUMIFS(Saisie_Charges!$F:$F,Saisie_Charges!$C:$C,G5,Saisie_Charges!$E:$E,"Commissions plateformes") -> 1618.77 | H17: =SUMIFS(Saisie_Charges!$F:$F,Saisie_Charges!$C:$C,H5,Saisie_Charges!$E:$E,"Commissions plateformes") -> 1411.39 | I17: =SUMIFS(Saisie_Charges!$F:$F,Saisie_Charges!$C:$C,I5,Saisie_Charges!$E:$E,"Commissions plateformes") -> 968.72 | ... M17: =SUMIFS(Saisie_Charges!$F:$F,Saisie_Charges!$C:$C,M5,Saisie_Charges!$E:$E,"Commissions plateformes") -> 968.54 | N17: =SUM(B17:M17) -> 13435.49
A18: Autres charges (HT) | B18: =SUMIFS(Saisie_Charges!$F:$F,Saisie_Charges!$C:$C,B5,Saisie_Charges!$E:$E,"Autres charges")+SUMIFS(Saisie_Charges!$F:$F,Saisie_Charges!$C:$C,B5,Saisie_Charges!$E:$E,"Entretien/Hygiène")+SUMIFS(Saisie_Charges!$F:$F,Saisie_Charges!$C:$C,B5,Saisie_Charges!$E:$E,"Assurances")+SUMIFS(Saisie_Charges!$F:$F,Saisie_Charges!$C:$C,B5,Saisie_Charges!$E:$E,"Logiciels/Abonnements") -> 1288.01 | C18: =SUMIFS(Saisie_Charges!$F:$F,Saisie_Charges!$C:$C,C5,Saisie_Charges!$E:$E,"Autres charges")+SUMIFS(Saisie_Charges!$F:$F,Saisie_Charges!$C:$C,C5,Saisie_Charges!$E:$E,"Entretien/Hygiène")+SUMIFS(Saisie_Charges!$F:$F,Saisie_Charges!$C:$C,C5,Saisie_Charges!$E:$E,"Assurances")+SUMIFS(Saisie_Charges!$F:$F,Saisie_Charges!$C:$C,C5,Saisie_Charges!$E:$E,"Logiciels/Abonnements") -> 1934.98 | D18: =SUMIFS(Saisie_Charges!$F:$F,Saisie_Charges!$C:$C,D5,Saisie_Charges!$E:$E,"Autres charges")+SUMIFS(Saisie_Charges!$F:$F,Saisie_Charges!$C:$C,D5,Saisie_Charges!$E:$E,"Entretien/Hygiène")+SUMIFS(Saisie_Charges!$F:$F,Saisie_Charges!$C:$C,D5,Saisie_Charges!$E:$E,"Assurances")+SUMIFS(Saisie_Charges!$F:$F,Saisie_Charges!$C:$C,D5,Saisie_Charges!$E:$E,"Logiciels/Abonnements") -> 994.93 | E18: =SUMIFS(Saisie_Charges!$F:$F,Saisie_Charges!$C:$C,E5,Saisie_Charges!$E:$E,"Autres charges")+SUMIFS(Saisie_Charges!$F:$F,Saisie_Charges!$C:$C,E5,Saisie_Charges!$E:$E,"Entretien/Hygiène")+SUMIFS(Saisie_Charges!$F:$F,Saisie_Charges!$C:$C,E5,Saisie_Charges!$E:$E,"Assurances")+SUMIFS(Saisie_Charges!$F:$F,Saisie_Charges!$C:$C,E5,Saisie_Charges!$E:$E,"Logiciels/Abonnements") -> 1554.28 | F18: =SUMIFS(Saisie_Charges!$F:$F,Saisie_Charges!$C:$C,F5,Saisie_Charges!$E:$E,"Autres charges")+SUMIFS(Saisie_Charges!$F:$F,Saisie_Charges!$C:$C,F5,Saisie_Charges!$E:$E,"Entretien/Hygiène")+SUMIFS(Saisie_Charges!$F:$F,Saisie_Charges!$C:$C,F5,Saisie_Charges!$E:$E,"Assurances")+SUMIFS(Saisie_Charges!$F:$F,Saisie_Charges!$C:$C,F5,Saisie_Charges!$E:$E,"Logiciels/Abonnements") -> 2179.68 | G18: =SUMIFS(Saisie_Charges!$F:$F,Saisie_Charges!$C:$C,G5,Saisie_Charges!$E:$E,"Autres charges")+SUMIFS(Saisie_Charges!$F:$F,Saisie_Charges!$C:$C,G5,Saisie_Charges!$E:$E,"Entretien/Hygiène")+SUMIFS(Saisie_Charges!$F:$F,Saisie_Charges!$C:$C,G5,Saisie_Charges!$E:$E,"Assurances")+SUMIFS(Saisie_Charges!$F:$F,Saisie_Charges!$C:$C,G5,Saisie_Charges!$E:$E,"Logiciels/Abonnements") -> 2189.48 | H18: =SUMIFS(Saisie_Charges!$F:$F,Saisie_Charges!$C:$C,H5,Saisie_Charges!$E:$E,"Autres charges")+SUMIFS(Saisie_Charges!$F:$F,Saisie_Charges!$C:$C,H5,Saisie_Charges!$E:$E,"Entretien/Hygiène")+SUMIFS(Saisie_Charges!$F:$F,Saisie_Charges!$C:$C,H5,Saisie_Charges!$E:$E,"Assurances")+SUMIFS(Saisie_Charges!$F:$F,Saisie_Charges!$C:$C,H5,Saisie_Charges!$E:$E,"Logiciels/Abonnements") -> 1959.87 | I18: =SUMIFS(Saisie_Charges!$F:$F,Saisie_Charges!$C:$C,I5,Saisie_Charges!$E:$E,"Autres charges")+SUMIFS(Saisie_Charges!$F:$F,Saisie_Charges!$C:$C,I5,Saisie_Charges!$E:$E,"Entretien/Hygiène")+SUMIFS(Saisie_Charges!$F:$F,Saisie_Charges!$C:$C,I5,Saisie_Charges!$E:$E,"Assurances")+SUMIFS(Saisie_Charges!$F:$F,Saisie_Charges!$C:$C,I5,Saisie_Charges!$E:$E,"Logiciels/Abonnements") -> 1379.92 | ... M18: =SUMIFS(Saisie_Charges!$F:$F,Saisie_Charges!$C:$C,M5,Saisie_Charges!$E:$E,"Autres charges")+SUMIFS(Saisie_Charges!$F:$F,Saisie_Charges!$C:$C,M5,Saisie_Charges!$E:$E,"Entretien/Hygiène")+SUMIFS(Saisie_Charges!$F:$F,Saisie_Charges!$C:$C,M5,Saisie_Charges!$E:$E,"Assurances")+SUMIFS(Saisie_Charges!$F:$F,Saisie_Charges!$C:$C,M5,Saisie_Charges!$E:$E,"Logiciels/Abonnements") -> 1959.68 | N18: =SUM(B18:M18) -> 19402.8
A19: Total charges d’exploitation (HT) | B19: =B12+B13+B14+B15+B16+B17+B18 -> 40753.36 | C19: =C12+C13+C14+C15+C16+C17+C18 -> 41028.1 | D19: =D12+D13+D14+D15+D16+D17+D18 -> 37997.59 | E19: =E12+E13+E14+E15+E16+E17+E18 -> 35074.17 | F19: =F12+F13+F14+F15+F16+F17+F18 -> 38447.36 | G19: =G12+G13+G14+G15+G16+G17+G18 -> 40248.85 | H19: =H12+H13+H14+H15+H16+H17+H18 -> 40579.87 | I19: =I12+I13+I14+I15+I16+I17+I18 -> 40041.88 | ... M19: =M12+M13+M14+M15+M16+M17+M18 -> 37822.02 | N19: =SUM(B19:M19) -> 470889.17
A20: EBITDA (HT) | B20: =B11-B19 -> -22483.84 | C20: =C11-C19 -> -27958.78 | D20: =D11-D19 -> -20635.63 | E20: =E11-E19 -> -22405.38 | F20: =F11-F19 -> -22672.32 | G20: =G11-G19 -> -24075.86 | H20: =H11-H19 -> -24245.58 | I20: =I11-I19 -> -27990 | ... M20: =M11-M19 -> -22936.76 | N20: =SUM(B20:M20) -> -285954.59
A21: Impôt estimatif | B21: =IF(B20>0,B20*Paramètres!$B$6,0) -> 0 | C21: =IF(C20>0,C20*Paramètres!$B$6,0) -> 0 | D21: =IF(D20>0,D20*Paramètres!$B$6,0) -> 0 | E21: =IF(E20>0,E20*Paramètres!$B$6,0) -> 0 | F21: =IF(F20>0,F20*Paramètres!$B$6,0) -> 0 | G21: =IF(G20>0,G20*Paramètres!$B$6,0) -> 0 | H21: =IF(H20>0,H20*Paramètres!$B$6,0) -> 0 | I21: =IF(I20>0,I20*Paramètres!$B$6,0) -> 0 | ... M21: =IF(M20>0,M20*Paramètres!$B$6,0) -> 0 | N21: =SUM(B21:M21) -> 0
A22: Résultat net estimé | B22: =B20-B21 -> -22483.84 | C22: =C20-C21 -> -27958.78 | D22: =D20-D21 -> -20635.63 | E22: =E20-E21 -> -22405.38 | F22: =F20-F21 -> -22672.32 | G22: =G20-G21 -> -24075.86 | H22: =H20-H21 -> -24245.58 | I22: =I20-I21 -> -27990 | ... M22: =M20-M21 -> -22936.76 | N22: =SUM(B22:M22) -> -285954.59

Sheet Dashboard
A1: Dashboard - Synthèse
A3: Indicateurs clés
A4: CA net (HT) | B4: =Compte_de_Résultat!N6 -> 402065.74
A5: Marge brute (HT) | B5: =Compte_de_Résultat!N11 -> 184934.58
A6: EBITDA (HT) | B6: =Compte_de_Résultat!N20 -> -285954.59
A7: Résultat net estimé | B7: =Compte_de_Résultat!N22 -> -285954.59
A8: Marge brute % | B8: =IF(B4=0,"",B5/B4) -> 0.45996105
A9: COGS % | B9: =IF(B4=0,"",Compte_de_Résultat!N10/B4) -> 0.54003895
A10: Personnel % | B10: =IF(B4=0,"",(Compte_de_Résultat!N12+Compte_de_Résultat!N13)/B4) -> 0.81982708
